[Event "Early-Titled-Tuesday-Blitz-February-13-2024"]
[Site "Chess.com"]
[Date "2024.02.13"]
[Round "7"]
[White "NewYearGirl"]
[Black "Alenzer"]
[Result "1-0"]
[WhiteElo "2405"]
[BlackElo "2136"]
[TimeControl "180+1"]
[EndTime "9:20:25 PST"]
[Termination "NewYearGirl won by resignation"]

1. e4 c5 2. Nf3 e6 3. d4 cxd4 4. Nxd4 Nf6 5. Nc3 Nc6 6. Ndb5 Bb4 7. a3 Bxc3+ 8. Nxc3 d5 9. exd5 exd5 10. Bd3 d4 11. Ne2 O-O 12. O-O Bg4 13. f3 Bh5 14.
Bg5 h6 15. Bh4 g5 16. Bf2 Qb6 17. Kh1 Rad8 18. c3 Qxb2 19. Nxd4 Qxc3 20. Rc1 Qxa3 21.
Ra1 Qd6 22. Nxc6 Qxc6 23. Qb1 a6 24. Kg1 Kg7 25. Rc1 Qd5 26. Bc2 Bg6 27. Bxg6 fxg6 28. Be1 Rf7 29. Bc3 Qc5+ 30. Kh1 Qd6 31. Qb2 b5 32. h3 h5 33. Be5 Qe6 34. Re1 Qc6 35. Rac1 Qb6 36. Qc3 Kh6 37. Bc7 Qd4 38. Bxd8 Qxd8 39.
Re6 Nd5 40. Qd4 a5 41. Rd1 Rd7 42. Qf2 b4 43. Re5 a4 44. Qd2 Nf6 45. Qxg5+ Kh7 46. Rxd7+ Qxd7 47. Qxf6 Qd1+ 48. Kh2 Qd8 49. Qxd8 1-0

[Event "Early-Titled-Tuesday-Blitz-February-13-2024"]
[Site "Chess.com"]
[Date "2024.02.13"]
[Round "7"]
[White "stratacticos"]
[Black "martinmena"]
[Result "0-1"]
[WhiteElo "1955"]
[BlackElo "2114"]
[TimeControl "180+1"]
[EndTime "9:20:26 PST"]
[Termination "martinmena won on time"]

1. e4 c6 2. d4 d5 3. e5 Bf5 4. h4 h5 5. Bd3 Bxd3 6. Qxd3 Qa5+ 7. Bd2 Qa6 8. e6 Qxd3 9. exf7+ Kxf7 10. cxd3 g6 11. Nf3 Bh6 12. Ng5+ Bxg5 13. hxg5 e6 14. Nc3 Ne7 15. O-O-O Nf5 16. Ne2 Nd7 17. Rh3 e5 18. dxe5 Nxe5 19. Bc3 Rhe8 20. Bxe5 Rxe5 21. Nf4 Rae8 22. g4 hxg4 23. Rh7+ Ng7 24. Kd2 Rxg5 25. Rdh1 Rf5 26. Nxg6 Rxf2+ 27. Kc3 Kxg6 28. R1h6+ Kf7 29. Rd6 Re7 30. Rh8 g3 31. Rdd8 g2 32. Rhf8+ Kg6 33. Rxf2 g1=Q 34. Rd6+ Re6 0-1

[Event "Early-Titled-Tuesday-Blitz-February-13-2024"]
[Site "Chess.com"]
[Date "2024.02.13"]
[Round "7"]
[White "SashaKuzhilniy"]
[Black "ilqar_74"]
[Result "1-0"]
[WhiteElo "2607"]
[BlackElo "2798"]
[TimeControl "180+1"]
[EndTime "9:20:27 PST"]
[Termination "SashaKuzhilniy won on time"]

1. d4 Nf6 2. c4 e6 3. Nc3 d5 4. cxd5 exd5 5. Bg5 Bb4 6. e3 h6 7. Bxf6 Qxf6 8. Qa4+ Nc6 9. Nf3 O-O 10. Bd3 Bg4 11.
Nd2 Rfe8 12. O-O Qg5 13. Kh1 Bd6 14. Nb5 Re6 15. Nxd6 Rxd6 16. Rac1 a6 17. Nf3 Qh5 18. Ne5 Nxe5 19. dxe5 Qxe5 20. Qxg4 c6 21. Qf5 Qxf5 22. Bxf5 g6 23. Bd3 Re8 24. Rfe1 Kg7 25. Kg1 f5 26. Kf1 Kf6 27. b4 Rde6 28. a4 Rc8 29. Rc5 Rd8 30.
Rec1 d4 31. Bc4 Red6 32. exd4 Rxd4 33. b5 cxb5 34. axb5 a5 35. Be2 a4 36. g3 a3 37. Ra1 Ra4 38. Ra2 Rdd4 39. Rc3 Rab4 40. Rcxa3 Rb1+ 41. Kg2 g5 42. Rd3 Re4 43. Rd7 Re5 44.
Rxb7 Rc5 45. Rb6+ Kg7 46. Rc6 Re5 47. Ra7+ 1-0

[Event "Early-Titled-Tuesday-Blitz-February-13-2024"]
[Site "Chess.com"]
[Date "2024.02.13"]
[Round "7"]
[White "maciek_92"]
[Black "mbachez"]
[Result "1-0"]
[WhiteElo "2823"]
[BlackElo "2630"]
[TimeControl "180+1"]
[EndTime "9:20:28 PST"]
[Termination "maciek_92 won on time"]

1. c4 e5 2. g3 Nf6 3. Nc3 Bc5 4. Bg2 O-O 5. e3 d6 6. Nge2 c6 7. O-O Bb6 8. d4 Bc7 9. h3 Re8 10. e4 exd4 11. Nxd4 Na6 12. Re1 Nc5 13. Qc2 a5 14.
b3 d5 15. cxd5 cxd5 16. Bg5 dxe4 17. Rad1 Nd3 18. Rxe4 Nb4 19. Bxf6 gxf6 20. Qd2 Be5 21. Qh6 f5 22. Nxf5 Qc7 23. Qg5+ Kf8 24. Qh6+ Kg8 25.
Nb5 Qc5 26. Qg5+ Kf8 27. Qh6+ Kg8 28. Nbd6 Bxf5 29. Nxf5 1-0

[Event "Early-Titled-Tuesday-Blitz-February-13-2024"]
[Site "Chess.com"]
[Date "2024.02.13"]
[Round "7"]
[White "JeFumeDesClopes"]
[Black "BardArtem"]
[Result "1-0"]
[WhiteElo "2613"]
[BlackElo "2770"]
[TimeControl "180+1"]
[EndTime "9:20:28 PST"]
[Termination "JeFumeDesClopes won by resignation"]

1. Nf3 d5 2. c4 e6 3. e3 Nf6 4.
b3 c6 5. Bb2 Nbd7 6. Nc3 e5 7.
cxd5 cxd5 8. Rc1 a6 9. d4 e4 10.
Ne5 Bd6 11. Nxd7 Bxd7 12. Be2 Rc8 13. O-O h5 14. h3 g5 15. Na4 Rxc1 16. Qxc1 g4 17. h4 g3 18. Ba3 Bb8 19. Nc5 Ng4 20. fxg3 Bxg3 21. Nxb7 Qb8 22. Bxg4 hxg4 23. Qc5 Bxh4 24.
Nd6+ Kf8 25. Qxd5 Rh7 26. Rxf7+ Kg8 27. Rxd7+ Kh8 28. Rxh7+ Kxh7 29. Qxe4+ Kh8 30. Qxg4 Bf2+ 31. Kxf2 Qf8+ 32. Nf5 Kh7 33. Bxf8 1-0

[Event "Early-Titled-Tuesday-Blitz-February-13-2024"]
[Site "Chess.com"]
[Date "2024.02.13"]
[Round "7"]
[White "AlmasRakhmatullaev"]
[Black "FoxOnTheRun97"]
[Result "1-0"]
[WhiteElo "2870"]
[BlackElo "2659"]
[TimeControl "180+1"]
[EndTime "9:20:29 PST"]
[Termination "AlmasRakhmatullaev won by checkmate"]

1. e4 c6 2. d4 d5 3. exd5 cxd5 4. c4 Nf6 5. Nc3 g6 6. c5 Bg7 7. Nf3 O-O 8. Bd3 Nc6 9. h3 Bf5 10. O-O Ne4 11. Ne2 Qd7 12. Be3 f6 13. a3 e5 14. b4 a6 15. Rb1 Kh8 16. a4 h5 17.
b5 axb5 18. axb5 Ne7 19. Nh4 Bxh3 20. gxh3 Qxh3 21. Ng2 exd4 22. Nef4 Qc8 23. Bxe4 dxe4 24. Bxd4 Qf5 25. c6 bxc6 26. b6 Rad8 27. b7 c5 28.
Qb3 cxd4 29. Ne6 Qg4 30. Nxd8 Rxd8 31. b8=Q Rxb8 32. Qxb8+ Kh7 33. Qg3 Qe6 34. Nf4 Qf7 35. Rb7 g5 36. Nxh5 d3 37. Nxg7 Qxg7 38. Qd6 Kg6 39.
Rxe7 Qf8 40. Qe6 Kh5 41. Qh3+ Kg6 42. Qh7# 1-0

[Event "Early-Titled-Tuesday-Blitz-February-13-2024"]
[Site "Chess.com"]
[Date "2024.02.13"]
[Round "7"]
[White "omer1997"]
[Black "KbzasDavid16"]
[Result "0-1"]
[WhiteElo "2410"]
[BlackElo "2556"]
[TimeControl "180+1"]
[EndTime "9:20:29 PST"]
[Termination "KbzasDavid16 won on time"]

1. e4 c5 2. Nf3 d6 3. d4 cxd4 4.
Nxd4 Nf6 5. Nc3 a6 6. Be3 e5 7. Nf3 Be7 8. Bc4 O-O 9. O-O Be6 10. Bb3 Nc6 11. Bg5 b5 12. Bxf6 Bxf6 13. Nd5 Ne7 14. Nxf6+ gxf6 15. Qd2 d5 16. exd5 Nxd5 17. Qh6 Nf4 18.
Nh4 Qe7 19. Rae1 Kh8 20. Re3 Rg8 21. Rfe1 Rg5 22. Rg3 Rag8 23. Rxg5 Rxg5 24. Bxe6 fxe6 25. g3 Rh5 26. Ng6+ Kg8 0-1

[Event "Early-Titled-Tuesday-Blitz-February-13-2024"]
[Site "Chess.com"]
[Date "2024.02.13"]
[Round "7"]
[White "Alexchess1984"]
[Black "RaugintaBulba"]
[Result "0-1"]
[WhiteElo "2624"]
[BlackElo "2436"]
[TimeControl "180+1"]
[EndTime "9:20:29 PST"]
[Termination "RaugintaBulba won on time"]

1. e4 b6 2. d4 Bb7 3. Nc3 e6 4. Nf3 c5 5. d5 exd5 6. exd5 d6 7.
Bb5+ Nd7 8. O-O Be7 9. Re1 a6 10. Bf1 b5 11. Bf4 Qc7 12. Bxb5 axb5 13. Nxb5 Qb6 14.
Nxd6+ Kf8 15. Nf5 Qf6 16. g4 g6 17. Bg5 gxf5 18. Bxf6 Ngxf6 19. d6 Bd8 20. g5 Rg8 21. h4 h6 22. Ne5 Nxe5 23. Rxe5 hxg5 24. h5 Ra4 25. f3 g4 26. f4 Bf3 27. Qd2 Ne4 28.
Qe3 Rd4 29. c3 Rd2 30. Kf1 Rh2 31. Rxe4 fxe4 0-1

[Event "Early-Titled-Tuesday-Blitz-February-13-2024"]
[Site "Chess.com"]
[Date "2024.02.13"]
[Round "7"]
[White "yaguigor"]
[Black "FredddieCroderg"]
[Result "1-0"]
[WhiteElo "2671"]
[BlackElo "2322"]
[TimeControl "180+1"]
[EndTime "9:20:29 PST"]
[Termination "yaguigor won by resignation"]

1. Nf3 d6 2. e4 Bg4 3. d4 Qc8 4. Nc3 Nc6 5. Be3 e5 6. d5 Bxf3 7. gxf3 Nce7 8. h4 f5 9. Bh3 Nf6 10. f4 exf4 11. Bxf4 g6 12. Qe2 Bg7 13. exf5 O-O 14.
fxg6 Qd8 15. gxh7+ Kh8 16. Bg5 Qe8 17. O-O-O Ng6 18.
Qxe8 Raxe8 19. Be6 Nxh7 20. Ne4 Ne5 21. Rh3 Nf3 22.
c3 Be5 23. Rd3 Ne1 24. Rde3 Ng2 25. Ref3 Nf4 26. Bxf4 Bxf4+ 27. Kc2 Be5 28. Rxf8+ Rxf8 29.
Kd3 Nf6 30. Ng5 Ng4 31. Rf3 Rxf3+ 32. Nxf3 Nxf2+ 33. Ke2 Ne4 34. Nxe5 dxe5 35. Ke3 Nc5 36. b4 Na4 37. c4 Nc3 38. a3 Kg7 39. Bf5 Kf6 40.
Bc2 b5 41. Kd2 Na2 42. Bb3 1-0

[Event "Early-Titled-Tuesday-Blitz-February-13-2024"]
[Site "Chess.com"]
[Date "2024.02.13"]
[Round "7"]
[White "Chess4always"]
[Black "kekic76"]
[Result "1-0"]
[WhiteElo "1993"]
[BlackElo "2317"]
[TimeControl "180+1"]
[EndTime "9:20:29 PST"]
[Termination "Chess4always won by resignation"]

1. d4 d5 2. Nf3 Nf6 3. Bf4 Bf5 4.
e3 e6 5. Ne5 Bd6 6. g4 Bxe5 7.
gxf5 Bxf4 8. exf4 exf5 9. c3 O-O 10. Be2 Ne4 11. Nd2 Qh4 12. Nxe4 fxe4 13. Qd2 Nc6 14.
Qe3 Ne7 15. Qg3 Qxg3 16. hxg3 g6 17. O-O-O Kg7 18. Rh2 h5 19. Kd2 c6 20. g4 hxg4 21. Bxg4 f5 22. Be2 Rh8 23. Rdh1 Rxh2 24. Rxh2 Rh8 25.
Rg2 Kf6 26. c4 Rh4 27. Ke3 Rh3+ 28. Kd2 Nc8 29. c5 b6 30. cxb6 axb6 31. Ba6 Nd6 32. Bf1 Rf3 33. Rh2 e3+ 34. Ke2 Rxf2+ 35. Rxf2 exf2 36.
Kxf2 g5 37. fxg5+ Kxg5 38. Bd3 Ne4+ 39. Ke3 f4+ 40. Kf3 Ng3 41. b4 Nf5 42. Bxf5 Kxf5 43. a4 Ke6 44. Kxf4 Kd6 45. a5 bxa5 46. bxa5 Kc7 47.
Ke5 Kd7 48. a6 Kc7 49. a7 Kb7 50. Kd6 Kxa7 51. Kxc6 Kb8 52. Kxd5 Kc8 53. Kc6 Kd8 54. Kd6 Kc8 55. Ke7 Kc7 56. d5 Kc8 57. d6 Kb7 58. d7 Kc7 59. d8=Q+ Kc6 60. Qd6+ 1-0

[Event "Early-Titled-Tuesday-Blitz-February-13-2024"]
[Site "Chess.com"]
[Date "2024.02.13"]
[Round "7"]
[White "Hovik_Hayrapetyan"]
[Black "GM_dmitrij"]
[Result "0-1"]
[WhiteElo "2896"]
[BlackElo "3054"]
[TimeControl "180+1"]
[EndTime "9:20:30 PST"]
[Termination "GM_dmitrij won on time"]

1. d4 d5 2. c4 e6 3. Nc3 Nf6 4. Nf3 Nbd7 5. Bf4 dxc4 6. e3 b5 7.
Nxb5 Bb4+ 8. Nc3 Nd5 9. Rc1 N7b6 10. Bg3 Bb7 11. Be2 O-O 12. O-O Nxc3 13. bxc3 Ba3 14. Rb1 Be4 15. Rb5 c6 16. Ra5 Be7 17. Qc1 Bd5 18. Nd2 c5 19. dxc5 Nd7 20. Qa3 Nxc5 21. Rxa7 Qb6 22. Rxa8 Rxa8 23. Qc1 Rxa2 24. Nxc4 Qb7 25.
Nd6 Bxd6 26. Bxd6 Ne4 27. Bb4 Rxe2 28. c4 Qxb4 29. cxd5 exd5 30. Qc8+ Qf8 31. Qg4 Rd2 32. h4 Rc2 0-1

[Event "Early-Titled-Tuesday-Blitz-February-13-2024"]
[Site "Chess.com"]
[Date "2024.02.13"]
[Round "7"]
[White "sotochess"]
[Black "KarolKacprzak"]
[Result "1-0"]
[WhiteElo "2563"]
[BlackElo "2719"]
[TimeControl "180+1"]
[EndTime "9:20:30 PST"]
[Termination "sotochess won on time"]

1. e4 c5 2. Nf3 e6 3. d4 cxd4 4. Nxd4 Nc6 5. c4 Nf6 6. Nc3 Bb4 7. Nxc6 dxc6 8. Qxd8+ Kxd8 9. Bg5 e5 10. O-O-O+ Kc7 11.
f3 Be6 12. Kc2 Nd7 13. a3 Bf8 14. Nd5+ Bxd5 15. cxd5 f6 16. Be3 Bc5 17. dxc6 bxc6 18. Rxd7+ Kxd7 19. Bxc5 Kc7 20. h4 a5 21. b3 a4 22. b4 h5 23. Be2 g5 24. hxg5 fxg5 25.
Be7 Rh7 26. Bf6 Re8 27. g4 h4 28. Bxg5 h3 29. Rh2 c5 30. bxc5 Rb8 31. Bf6 Rb3 32. Bxe5+ Kc6 33. Bb2 Kxc5 34. g5 Kd6 35. g6 Rc7+ 36. Kb1 Rcb7 37. Bd1 Rd3 38. Bc2 Rxf3 39. g7 Rg3 40. Rxh3 Rgxg7 41. Rh6+ Kc5 42. Rh5+ Kc4 43. Rh2 Rg3 44. Ka2 1-0

[Event "Early-Titled-Tuesday-Blitz-February-13-2024"]
[Site "Chess.com"]
[Date "2024.02.13"]
[Round "7"]
[White "Mops_2004"]
[Black "kakarot_001"]
[Result "0-1"]
[WhiteElo "2836"]
[BlackElo "2662"]
[TimeControl "180+1"]
[EndTime "9:20:31 PST"]
[Termination "kakarot_001 won by resignation"]

1. g3 g6 2. Bg2 Bg7 3. d4 d5 4. Nf3 c6 5. O-O Nf6 6. b3 O-O 7. Bb2 Ne4 8. c4 dxc4 9. bxc4 c5 10.
Qc2 Bf5 11. g4 Ng3 12. gxf5 Nxf1 13. d5 Nxh2 14. Nxh2 Nd7 15. Ng4 Qb6 16. Bxg7 Kxg7 17. Nd2 h5 18. Qc3+ Kh7 19. Rb1 Qd6 20. Ne3 Nf6 21.
Rxb7 Rfb8 22. Rxb8 Rxb8 23. Nb3 Qf4 24. Qc2 Qd6 25. fxg6+ fxg6 26. Bh3 Rf8 27. Be6 Qf4 28. Nxc5 Nxd5 29. Nd1 Qg5+ 30. Kf1 Nf4 31. Qe4 Qxc5 32. Ne3 Qa3 33. Bd5 Qc1+ 0-1

[Event "Early-Titled-Tuesday-Blitz-February-13-2024"]
[Site "Chess.com"]
[Date "2024.02.13"]
[Round "7"]
[White "guillembaches"]
[Black "GrotBchess"]
[Result "1-0"]
[WhiteElo "2564"]
[BlackElo "2379"]
[TimeControl "180+1"]
[EndTime "9:20:31 PST"]
[Termination "guillembaches won by resignation"]

1. d4 Nf6 2. Nf3 g6 3. Bg5 Bg7 4. Nbd2 O-O 5. c3 d5 6. e3 Nbd7 7. Be2 c5 8. O-O b6 9. b4 Bb7 10. bxc5 bxc5 11. Qa4 Qc8 12. Rab1 Bc6 13. Qa3 Re8 14. Ba6 Qc7 15. Bf4 Qd8 16. Bb7 Bxb7 17. Rxb7 Qc8 18. Rc7 Qd8 19. Rxa7 Rxa7 20. Qxa7 cxd4 21.
cxd4 Qa8 22. Qxa8 Rxa8 23. Ra1 Ne4 24. a4 Nc3 25. a5 Ne2+ 26. Kf1 Nxf4 27. exf4 Kf8 28.
Ne5 Bxe5 29. fxe5 Ke8 30. Ke2 Kd8 31. Kd3 Kc7 32. f4 Nb8 33. Nb3 Nc6 34. Kc3 e6 35.
Ra4 Ra6 36. g3 Ra7 37. a6 Kb6 38. Nc5 Ra8 39. Ra1 Nb8 40. Rb1+ Kc6 41. a7 Nd7 42. Nxd7 Kxd7 43. Rb7+ Kc6 44. Rxf7 Rxa7 45. Rxa7 Kb6 46. Rxh7 1-0

[Event "Early-Titled-Tuesday-Blitz-February-13-2024"]
[Site "Chess.com"]
[Date "2024.02.13"]
[Round "7"]
[White "Teidi96"]
[Black "Ariadna_Atreides"]
[Result "0-1"]
[WhiteElo "2274"]
[BlackElo "2157"]
[TimeControl "180+1"]
[EndTime "9:20:31 PST"]
[Termination "Ariadna_Atreides won by resignation"]

1. e4 c6 2. d4 d5 3. exd5 cxd5 4. c4 Nf6 5. Nc3 e6 6. Nf3 Bb4 7. cxd5 Nxd5 8. Bd2 O-O 9. Bd3 b6 10. O-O Bb7 11. Re1 Nd7 12. a3 Bd6 13. Bg5 Be7 14.
Bxe7 Nxe7 15. Bc2 Nf6 16. Qd3 Bxf3 17. Qxf3 Qxd4 18. Rad1 Qg4 19. Qxg4 Nxg4 20. Rd7 Ng6 21. Be4 Rac8 22. Rxa7 N4e5 23. Rb7 Nc4 24. Nd1 Rfd8 25. a4 Nd6 26. Nc3 Nxb7 27. Bxb7 Rc7 28. Be4 f5 29. Bf3 Nh4 30. Be2 Rd2 31. g3 Ng6 32. Nb5 Rcc2 33. Kf1 Rxb2 34. Nc7 Kf7 35. h4 Ne5 36. Nb5 Nd3 37.
Bxd3 Rxd3 38. Rc1 Rdd2 39. Rc7+ Kf6 40. Rc6 Rxf2+ 41. Kg1 Rg2+ 42. Kh1 Rgc2 43. Rxc2 Rxc2 0-1

[Event "Early-Titled-Tuesday-Blitz-February-13-2024"]
[Site "Chess.com"]
[Date "2024.02.13"]
[Round "7"]
[White "PabloZarnicki"]
[Black "PedroGil25"]
[Result "1-0"]
[WhiteElo "2643"]
[BlackElo "2434"]
[TimeControl "180+1"]
[EndTime "9:20:32 PST"]
[Termination "PabloZarnicki won by resignation"]

1. e4 c5 2. Nf3 e6 3. c3 Nf6 4. e5 Nd5 5. Bc4 d6 6. d4 cxd4 7. cxd4 Nc6 8. Qe2 Be7 9. O-O O-O 10.
exd6 Bxd6 11. Nc3 Nxc3 12. bxc3 b6 13. Ng5 h6 14. Ne4 Bb7 15. Qh5 Ne7 16. Bd3 Nf5 17.
g4 Ne7 18. Bxh6 Bxe4 19. Bxe4 gxh6 20. Qxh6 Ng6 21. Bxg6 fxg6 22. Qxg6+ Kh8 23. Qh6+ Kg8 24. Qxe6+ Rf7 25. f4 Qd7 26. Qd5 Rf8 27. Rf3 Bxf4 28. Qxd7 Rxd7 29. Raf1 Rdf7 30. Kg2 Bd2 31. c4 Rxf3 32.
Rxf3 Rxf3 33. Kxf3 Kf7 34. Ke4 Ke6 35. h4 Be1 36. h5 Bd2 37. a4 a5 38. c5 bxc5 39. dxc5 Bc1 40. c6 Kd6 41. Kf5 Kxc6 42. g5 Kc5 43. h6 Kb4 44. h7 Bb2 45. Kg6 Kxa4 46.
Kf7 Kb3 47. g6 a4 48. g7 Bxg7 49. Kxg7 a3 50. h8=Q a2 51. Kf7 1-0

[Event "Early-Titled-Tuesday-Blitz-February-13-2024"]
[Site "Chess.com"]
[Date "2024.02.13"]
[Round "7"]
[White "winniethepooh04"]
[Black "Hui_Li_Macau"]
[Result "1-0"]
[WhiteElo "2539"]
[BlackElo "2361"]
[TimeControl "180+1"]
[EndTime "9:20:33 PST"]
[Termination "winniethepooh04 won on time"]

1. d4 d5 2. Nf3 Nf6 3. Bf4 c5 4. e3 Nc6 5. c3 Qb6 6. Qc2 g6 7. Nbd2 Bf5 8. dxc5 Qxc5 9. Qb3 Na5 10. Qb5+ Qxb5 11. Bxb5+ Bd7 12. Bxd7+ Nxd7 13. O-O Bg7 14.
h3 Nc6 15. Rad1 O-O 16. Nb3 e6 17. Rfe1 Nde5 18. Nxe5 Nxe5 19. Bxe5 Bxe5 20. e4 dxe4 21. Rxe4 Bc7 22. Rd7 Rac8 23. Nc5 Rfd8 24. Red4 Rxd7 25. Rxd7 Bb6 26. Nxb7 Rc4 27. Nd6 Rf4 28. Nc8 Bxf2+ 29.
Kf1 Bb6+ 30. Ke1 Re4+ 31. Kd1 Rf4 32. Nxb6 axb6 33. Ke2 Re4+ 34. Kf3 Re1 35. Rb7 Ra1 36. a3 f5 37. Rxb6 Kf7 38. Rb7+ Kf6 39. Rxh7 e5 40. Rb7 e4+ 41. Ke3 Ke5 42. Rb5+ Kf6 43. Rb6+ Ke5 44. Rxg6 f4+ 45. Ke2 Rb1 46. Rg5+ Kf6 47. Rb5 Rg1 48.
Kf2 Ra1 49. c4 Ke6 50. h4 Kf6 51. c5 Rc1 52. b4 Rc2+ 53. Kf1 Ke5 54. c6+ Kd4 55.
Rc5 Ra2 56. c7 Ra1+ 57. Kf2 Ra2+ 58. Kg1 Ra1+ 59. Kh2 e3 60. c8=Q 1-0

[Event "Early-Titled-Tuesday-Blitz-February-13-2024"]
[Site "Chess.com"]
[Date "2024.02.13"]
[Round "7"]
[White "Antipov_Mikhail_Al"]
[Black "krzyzan94"]
[Result "1-0"]
[WhiteElo "2951"]
[BlackElo "2792"]
[TimeControl "180+1"]
[EndTime "9:20:34 PST"]
[Termination "Antipov_Mikhail_Al won by resignation"]

1. e4 c6 2. d4 d5 3. exd5 cxd5 4. Bd3 Nc6 5. c3 Qc7 6. h3 g6 7. Nf3 Bf5 8. Bb5 Bg7 9. O-O Nf6 10. Re1 O-O 11. Be3 Ne4 12. Nbd2 Rad8 13. Rc1 a6 14. Bf1 e5 15. dxe5 Nxe5 16. Nxe5 Bxe5 17. Nf3 Bd6 18. Nd4 Bc8 19. Qf3 Rfe8 20. Rcd1 b5 21. a3 Bh2+ 22. Kh1 Bd6 23. Nc2 Bb7 24. Bd4 Qe7 25. Nb4 Bb8 26. Nd3 Bc8 27. g3 Bf5 28. Nf4 Qd7 29. Qg2 Ng5 30. Nxd5 Qxd5 31. Qxd5 Ne4 32. Qb7 Nd6 33. Qxa6 Bc8 34. Qb6 Be6 35. Bg2 1-0

[Event "Early-Titled-Tuesday-Blitz-February-13-2024"]
[Site "Chess.com"]
[Date "2024.02.13"]
[Round "7"]
[White "sergeikim"]
[Black "Attacks_Hurricane"]
[Result "0-1"]
[WhiteElo "2615"]
[BlackElo "2362"]
[TimeControl "180+1"]
[EndTime "9:20:34 PST"]
[Termination "Attacks_Hurricane won by resignation"]

1. d4 f5 2. c4 e6 3. g3 Nf6 4. Bg2 Be7 5. Nh3 O-O 6. O-O d6 7. Nf4 c6 8. Nc3 e5 9. dxe5 dxe5 10. Nd3 Qc7 11. e4 Na6 12. Re1 Nc5 13. Bg5 Rd8 14. Re3 fxe4 15. Bxf6 gxf6 16. Nxe4 Nxe4 17. Rxe4 Bf5 18.
Qe2 Bxe4 19. Bxe4 Bf8 20. Qh5 Rd4 21. f3 Rad8 22. Nf2 Qf7 23. Qh3 Rd2 24. b3 Bc5 25. Rf1 Rxf2 26. Rxf2 Rd2 27. Qc8+ Qf8 28. Qxb7 Bxf2+ 29. Kf1 Qf7 30. Qxc6 Kg7 31. Qc8 Bb6 32. Bd5 Rxd5 33. cxd5 Qxd5 34. Kg2 Qd2+ 35. Kh3 Bg1 36. Qc7+ Kh6 37. Kg4 Qg5+ 38. Kh3 Qh5+ 39. Kg2 Qxh2+ 0-1

[Event "Early-Titled-Tuesday-Blitz-February-13-2024"]
[Site "Chess.com"]
[Date "2024.02.13"]
[Round "7"]
[White "Helenita13"]
[Black "Cheer_Down"]
[Result "1-0"]
[WhiteElo "2392"]
[BlackElo "2488"]
[TimeControl "180+1"]
[EndTime "9:20:35 PST"]
[Termination "Helenita13 won by resignation"]

1. Nf3 Nf6 2. d4 e6 3. Bf4 c5 4. e3 Nc6 5. Nbd2 d5 6. c3 cxd4 7.
exd4 Nh5 8. Bg5 f6 9. Be3 g6 10.
Bd3 Bd6 11. Qc2 Kf7 12. Nf1 Bd7 13. Ng3 Nf4 14. Bxf4 Bxf4 15. O-O Rc8 16. Qe2 Kg7 17. Rae1 Qc7 18. Bb1 Rce8 19. Qc2 Bd6 20. Nh4 Ne7 21. Rd1 e5 22. dxe5 fxe5 23. Rfe1 Rhf8 24. Qd2 e4 25. Qg5 Bf4 26. Nh5+ Kh8 27. Nxf4 Qxf4 28. Qxf4 Rxf4 29. g3 Rf6 30. Bxe4 Bg4 31. f3 dxe4 32. fxg4 Nc6 33. Ng2 Re7 34. Re3 Rfe6 35. Nf4 Re5 36. Rd6 Kg7 37.
b4 a6 38. a4 Nd8 39. Rxd8 Rc7 40. b5 axb5 41. axb5 Rxb5 42. Ne6+ 1-0

[Event "Early-Titled-Tuesday-Blitz-February-13-2024"]
[Site "Chess.com"]
[Date "2024.02.13"]
[Round "7"]
[White "karinachess1"]
[Black "rhungaski"]
[Result "0-1"]
[WhiteElo "2656"]
[BlackElo "2504"]
[TimeControl "180+1"]
[EndTime "9:20:36 PST"]
[Termination "rhungaski won on time"]

1. d4 g6 2. e4 Bg7 3. Nc3 d6 4. Be3 a6 5. h4 h6 6. f3 b5 7.
Qd2 Bb7 8. Nge2 Nd7 9. a4 b4 10.
Nd1 a5 11. c3 c5 12. Ng3 cxd4 13. cxd4 e6 14. Bd3 Ne7 15. O-O Nc6 16. d5 Nce5 17. h5 Nc5 18. Bb5+ Kf8 19. hxg6 fxg6 20. Nf2 Qh4 21.
Ne2 exd5 22. Bxc5 dxc5 23. exd5 Kg8 24. Ne4 c4 25. Rad1 Rd8 26. d6 Bxe4 27. fxe4 g5 28. Qd5+ Kh7 29. Bxc4 Rhf8 30. g3 Qh3 31. Nd4 Ng4 32. Rd2 Qxg3+ 33. Kh1 Rxf1+ 34. Bxf1 Nf2+ 0-1

[Event "Early-Titled-Tuesday-Blitz-February-13-2024"]
[Site "Chess.com"]
[Date "2024.02.13"]
[Round "7"]
[White "VeraVujovic"]
[Black "RamonManon0g"]
[Result "1-0"]
[WhiteElo "2248"]
[BlackElo "2370"]
[TimeControl "180+1"]
[EndTime "9:20:36 PST"]
[Termination "VeraVujovic won by checkmate"]

1. d4 Nf6 2. c4 g6 3. Nc3 d5 4. Nf3 Bg7 5. Bg5 Ne4 6. cxd5 Nxg5 7. Nxg5 e6 8. Nf3 exd5 9. e3 O-O 10. Bd3 c5 11. O-O cxd4 12. exd4 Nc6 13. Re1 Nxd4 14. Nxd4 Bxd4 15. Bxg6 Bxf2+ 16. Kxf2 Qb6+ 17. Kg3 Qd6+ 18. Kf2 Qc5+ 19. Kg3 Qd6+ 20. Kf2 Qb6+ 21. Kg3 hxg6 22. Nxd5 Qxb2 23. Rb1 Qa3+ 24. Rb3 Qd6+ 25. Kf2 Qc5+ 26.
Rbe3 Be6 27. Nf6+ Kg7 28. Ne4 Qe5 29. Ng3 Qc5 30. Qa1+ Kg8 31. Ne4 Qb5 32. Nf6+ Kg7 33. Ne8+ Kh6 34. Qg7+ Kg5 35. Re5+ Qxe5 36. Rxe5+ Bf5 37.
h4+ Kg4 38. Nf6+ Kxh4 39. Qh6# 1-0

[Event "Early-Titled-Tuesday-Blitz-February-13-2024"]
[Site "Chess.com"]
[Date "2024.02.13"]
[Round "7"]
[White "Barmen_EV"]
[Black "MyDream003"]
[Result "0-1"]
[WhiteElo "2516"]
[BlackElo "2722"]
[TimeControl "180+1"]
[EndTime "9:20:37 PST"]
[Termination "MyDream003 won by checkmate"]

1. e4 c6 2. d4 d5 3. e5 Bf5 4. h4 h6 5. g4 Bd7 6. h5 e6 7.
f4 c5 8. c3 Nc6 9. Nf3 Qb6 10.
Rh2 Rc8 11. Kf2 cxd4 12. cxd4 Nxd4 13. Nxd4 Rxc1 14. Qxc1 Qxd4+ 15. Kg3 f6 16. Nc3 fxe5 17. Nb5 exf4+ 18. Kh3 Qg1 19. Qxf4 Nf6 20. Nc7+ Kf7 21. Rg2 Qb6 22. Bd3 Bd6 23. Qf3 Qxc7 24. Rf1 Ke7 25. Re2 e5 26. Bf5 e4 27. Qf2 Bxf5 28. Qxf5 Rf8 29. Qg6 Rf7 30. g5 hxg5 31. Qxg5 Qd7+ 32.
Kg2 Qe6 33. Ref2 Qe5 34. Rf5 Qh2# 0-1

[Event "Early-Titled-Tuesday-Blitz-February-13-2024"]
[Site "Chess.com"]
[Date "2024.02.13"]
[Round "7"]
[White "temiksmozg"]
[Black "baki83"]
[Result "0-1"]
[WhiteElo "2607"]
[BlackElo "2840"]
[TimeControl "180+1"]
[EndTime "9:20:37 PST"]
[Termination "baki83 won by resignation"]

1. e4 c5 2. Nf3 Nc6 3. d4 cxd4 4. Nxd4 Nf6 5. Nc3 d6 6. Bg5 e6 7. Qd2 a6 8. f4 h6 9. Bxf6 Qxf6 10. Nf3 Qd8 11. O-O-O Qc7 12. Kb1 b5 13. Ne2 Bb7 14. Ned4 Nxd4 15. Qxd4 Rc8 16. Bd3 Qc5 17. Rhe1 Qxd4 18.
Nxd4 Be7 19. g3 g5 20. f5 Bf6 21. c3 Ke7 22. a3 g4 23. Ne2 Be5 24. Nf4 Rcg8 25.
Rf1 h5 26. Rd2 h4 27. Rdf2 Bc6 28. Kc2 Be8 29. Kd2 Rh6 30. Ke3 Rgh8 31. Bc2 hxg3 32.
hxg3 Rh2 33. Bb3 Rxf2 34. Rxf2 Rh1 35. fxe6 fxe6 36. Rg2 Bf7 37. Kd2 Rb1 38. Kc2 Rf1 39.
Nd3 Bg6 40. Re2 Bxg3 41. Rg2 Rf3 42. Kd2 Bxe4 43. Bd1 Rxd3+ 0-1

[Event "Early-Titled-Tuesday-Blitz-February-13-2024"]
[Site "Chess.com"]
[Date "2024.02.13"]
[Round "7"]
[White "ProfessorChess101"]
[Black "HajiyevKanan"]
[Result "1-0"]
[WhiteElo "2790"]
[BlackElo "2499"]
[TimeControl "180+1"]
[EndTime "9:20:37 PST"]
[Termination "ProfessorChess101 won on time"]

1. d4 d5 2. c4 c6 3. cxd5 cxd5 4.
Nc3 Nf6 5. Bf4 a6 6. e3 Nc6 7.
Be2 Bf5 8. Nf3 e6 9. O-O Bd6 10.
Bg5 O-O 11. Rc1 Rc8 12. Na4 h6 13. Bh4 Qd7 14. Nb6 Qe7 15. Nxc8 Rxc8 16. Qa4 Qf8 17.
Bg3 Be7 18. Ne5 Nxe5 19. Bxe5 Ne4 20. Qd7 Ra8 21. Qxb7 a5 22. Bb5 a4 23. Bc6 Rd8 24.
Bc7 Rc8 25. Bd7 Ra8 26. Bb6 Nd2 27. Bc8 Nxf1 28. Qxa8 a3 29. bxa3 Nd2 30. Bb7 Qxa8 31. Bxa8 Nc4 32. Bc5 Bd8 33. Bc6 Ba5 34. Bb5 Bd2 35.
Rxc4 dxc4 36. Bxc4 Bc2 37. Bb4 Bc1 38. Bb5 Bb2 39.
a4 e5 40. d5 e4 41. a5 Be5 42. a6 Bb8 43. d6 1-0